 Dungeon Crawl Stone Soup version 0.25-a0-822-g6581751b11 (webtiles) character file.

Game seed: 2954833717797461771, levelgen mode: deterministic

20 Lavandula the Slasher (level 2, -1/16 HPs)
             Began as a Vine Stalker Chaos Knight on Apr 20, 2020.
             Was a Plaything of Xom.
             Slain by a raiju (shapeshifter) (6 damage)
             ... on level 1 of the Dungeon.
             The game lasted 00:01:35 (451 turns).

Lavandula the Slasher (Vine Stalker Chaos Knight)    Turns: 451, Time: 00:01:35

Health: -1/16      AC:  5    Str: 14    XL:     2   Next: 79%
Magic:  0/3        EV: 11    Int: 12    God:    Xom [......]
Gold:   41         SH:  0    Dex: 13    Spells: 1/1 levels left

rFire    . . .     SeeInvis .   a - +0 falchion (chaos)
rCold    . . .     Gourm    .   (no shield)
rNeg     . . .     Faith    .   b - +2 leather armour
rPois    .         Spirit   +   (no helmet)
rElec    .         Reflect  .   (no cloak)
rCorr    .         Harm     .   (no gloves)
MR       .....                  (no boots)
Stlth    +.........             (no amulet)
HPRegen  0.05/turn              (no ring)
MPRegen  0.08/turn              (no ring)

@: confused
A: fangs 2, magic shield, antimagic bite, no potion heal 3, rot immunity
a: Renounce Religion


You were on level 1 of the Dungeon.
You worshipped Xom.
You were a very special plaything of Xom.
You were not hungry.

You visited 1 branch of the dungeon, and saw 1 of its levels.

You collected 41 gold pieces.

Inventory:

Hand Weapons
 a - a +0 falchion of chaos (weapon)
Missiles
 i - 12 poisoned darts (quivered)
 o - 3 curare-tipped darts
Armour
 b - a +2 leather armour (worn)
Jewellery
 l - an uncursed ring of protection from magic {unknown}
Scrolls
 d - a scroll of blinking {unknown}
 e - 2 scrolls of teleportation {unknown}
 h - a scroll of immolation {unknown}
 j - a scroll of magic mapping {unknown}
 m - a scroll of noise {unknown}
Potions
 g - a potion of curing {unknown}
 n - a potion of stabbing {unknown}
Comestibles
 c - a ration
 k - 2 chunks of flesh


   Skills:
 - Level 2.6 Fighting
 + Level 3.6 Long Blades
 - Level 1.5 Armour
 - Level 0.7 Dodging


You had one spell level left.
You didn't know any spells.
Your spell library was empty.

Dungeon Overview and Level Annotations

Branches:
Dungeon (1/15)

Altars:


Innate Abilities, Weirdness & Mutations

You have extremely sharp teeth.
When hurt, damage is shared between your health and your magic reserves.
Your bite disrupts and absorbs the magic of your enemies.
Potions cannot restore your health.
You are immune to rotting.


Message History

You are more confused.
You completely miss the golden eye. Your bite misses the golden eye.
The golden eye is lightly wounded.
The golden eye blinks at you.
You are more confused.
You bump into the rock wall.
The golden eye turns its gaze towards you.
The golden eye changes into a raiju!
You aren't carrying any items that you can evoke.
Unknown command.
It was a potion of ambrosia.
You are more confused.
Your system rejects the healing.
You feel invigorated.
Xom roars with laughter!
You bump into the rock wall.
The raiju closely misses you.
You miss the raiju. You bite the raiju, but do no damage.
The raiju is lightly wounded.
The raiju bites you. The raiju shocks you!
You die...
Xom thinks this is hilarious!

#########.#.....%......
#................#####
.####..#.#....#.#
#..#.######†# #..#..
#†# #.)#### #.# #..#
#.# ...# #.# ##.## #@#
#.# #h# #.# #.# #.
#.######§ #...(.G..
#.####### #.# #.# ###


You could see a raiju shaped shifter.

Vanquished Creatures
  A dart slug (D:1)
  3 bats (D:1)
  5 goblins (D:1)
  3 hobgoblins (D:1)
  2 frilled lizards (D:1)
  2 rats (D:1)
16 creatures vanquished.

Notes
Turn   | Place    | Note
-------+----------+-------------------------------------------
     0 | D:1      | Lavandula the Vine Stalker Chaos Knight began the quest for
                  | the Orb.
     0 | D:1      | Reached XP level 1. HP: 11/11 MP: 2/2
   151 | D:1      | Reached skill level 3 in Long Blades
   191 | D:1      | Reached XP level 2. HP: 16/16 MP: 3/3
   272 | D:1      | XOM: cloud trail
   390 | D:1      | Noticed a shapeshifter
   390 | D:1      | a giant cockroach changed into a shapeshifter
   391 | D:1      | Noticed a soldier ant
   391 | D:1      | a shapeshifter changed into a soldier ant
   406 | D:1      | Noticed a black mamba
   406 | D:1      | a soldier ant changed into a black mamba
   414 | D:1      | Noticed a golden eye
   414 | D:1      | a black mamba changed into a golden eye
   448 | D:1      | Noticed a raiju
   448 | D:1      | a golden eye changed into a raiju
   451 | D:1      | Slain by a raiju (shapeshifter)

Levels and vault maps discovered:
D:1:      lemuel_arrival_cross, layout_basic

Skill      XL: |  1 |
---------------+----+-----
Long Blades    | 3 |  3.6
Fighting       | |  2.6
Armour         | |  1.5
Dodging        | |  0.7

Action                   || total
-------------------------++-------
Melee: Falchion          ||    44
       Bite              ||     9
  Use: Potion            ||     1
 Stab: Paralysed         ||     1
Armor: Leather armour    ||    23
Dodge: Dodged            ||    34
       Rpst.: Falchion   ||    14

Table legend:
 A = Non-vault XP
 B = Vault XP
 C = Vault XP percentage of total XP
 D = Non-vault monster count
 E = Vault monster count
 F = Vault count percentage of total count
                 A         B        C        D         E       F
            +---------+---------+-------+---------+---------+-------
      Total |      29 |       0 |   0.0 |      16 |       0 |   0.0
            +---------+---------+-------+---------+---------+-------
        D:1 |      29 |       0 |   0.0 |      16 |       0 |   0.0
            +---------+---------+-------+---------+---------+-------
